 Dungeon Crawl Stone Soup version 0.21-a0-522-ga8338f0 (webtiles) character file.

1873 slep the Cleaver (level 9, -1/70 HPs)
             Began as a Barachi Gladiator on Dec 7, 2017.
             Slain by a two-headed ogre
             ... wielding a +0 dire flail
              (23 damage)
             ... on level 6 of the Dungeon.
             The game lasted 00:25:26 (4614 turns).

slep the Cleaver (Barachi Gladiator)                Turns: 4614, Time: 00:25:26

Health: -1/70      AC: 11    Str: 15    XL:     9   Next: 14%
Magic:  18/18      EV: 15    Int: 10    God:
Gold:   154        SH:  0    Dex: 16    Spells: 8/8 levels left

rFire    . . .     SeeInvis .   F - +0 war axe (chop)
rCold    . . .     Gourm    .   (no shield)
rNeg     . . .     Faith    .   u - +3 leather armour
rPois    .         Spirit   .   p - +2 helmet
rElec    .         Reflect  .   (no cloak)
rCorr    .         Harm     .   e - +0 pair of gloves
MR       .....                  x - +0 pair of boots
Stlth    ..........             (no amulet)
HPRegen  0.21/turn              t - ring of loudness (curse)
MPRegen  0.16/turn              G - ring of magical power

@: starving, slow
A: +LOS, swims, slowness 1, strong legs 1
a: Hop


You were on level 6 of the Dungeon.
You were starving.

You visited 1 branch of the dungeon, and saw 7 of its levels.
You also visited: Ossuary.

You collected 301 gold pieces.
You spent 147 gold pieces at shops.

Inventory:

Hand Weapons
 a - a +0 war axe
 y - a +0 flail of protection
 F - a +0 war axe of chopping (weapon)
 K - a +0 blowgun
Missiles
 E - 10 tomahawks (quivered)
Armour
 b - a +0 leather armour
 c - a +0 helmet
 e - a +0 pair of gloves (worn)
 l - a +0 scale mail
 p - a +2 helmet (worn)
 u - a +3 leather armour (worn)
 x - a +0 pair of boots (worn)
 J - a +0 leather armour of fire resistance
 O - a +1 helmet
Jewellery
 t - a cursed ring of loudness (left hand)
 G - a ring of magical power (right hand)
 M - an uncursed ring of see invisible {unknown}
Scrolls
 g - 5 scrolls of enchant armour {unknown}
 j - 11 scrolls of identify {unknown}
 k - 5 scrolls of remove curse {unknown}
 m - a scroll of random uselessness {unknown}
 n - 2 scrolls of enchant weapon {unknown}
 o - a scroll of fog {unknown}
 q - a scroll of magic mapping {unknown}
 r - 8 scrolls of teleportation {unknown}
 z - a scroll of silence {unknown}
 N - a scroll of amnesia {unknown}
 P - 2 scrolls of blinking {unknown}
Potions
 i - 2 potions of agility
 v - 3 potions of lignification {unknown}
 A - 2 potions of magic
 B - 2 potions of brilliance
 C - a potion of haste {unknown}
 D - a potion of heal wounds {unknown}
 I - a potion of flight {unknown}
 L - 3 potions of might
Books
 H - a book of Minor Magic

   Spells                             Type                      Level
   a - Magic Dart                     Conjuration                  1
   b - Blink                          Translocation                2
   c - Call Imp                       Summoning                    2
   d - Slow                           Hexes                        2
   e - Conjure Flame                  Conjuration/Fire             3
   f - Mephitic Cloud                 Conjuration/Poison/Air       3
Comestibles
 f - 4 bread rations
 h - a royal jelly
 w - 2 meat rations


   Skills:
 + Level 6.3 Fighting
 + Level 10.1 Axes
 + Level 2.1 Throwing
 + Level 3.7 Armour
 + Level 6.0 Dodging
 + Level 0.4 Stealth


You had 8 spell levels left.
You didn't know any spells.

Dungeon Overview and Level Annotations

Branches:
Dungeon (7/15)
 Temple: D:4-7

Altars:
Elyvilon
Fedhas
Hepliaklqana
Trog
Zin

Shops:
D:6 (   D:7 ?*

Annotations:
D:5 Prince Ribbit


Innate Abilities, Weirdness & Mutations

Shadows flee at your approach. (+LOS)
You can swim through water.
You cover ground slowly.
You can hop short distances.


Message History

Press: ? - help, Shift-Dir - straight line, f/p - two-headed ogre
Aim: a two-headed ogre, wielding a dire flail and a giant club You throw a throwing net.
The throwing net barely misses the two-headed ogre.
The two-headed ogre barely misses you. The two-headed ogre closely misses you.
Throwing (i - inventory):
E - 11 tomahawks (quivered)
Press: ? - help, Shift-Dir - straight line, f/p - two-headed ogre
Aim: a two-headed ogre, wielding a dire flail and a giant club You throw a tomahawk.
The tomahawk hits the two-headed ogre.
The two-headed ogre is lightly wounded.
The two-headed ogre closely misses you. x2
Throwing (i - inventory):
E - 10 tomahawks (quivered)
Press: ? - help, Shift-Dir - straight line, f/p - two-headed ogre
Aim: a two-headed ogre, wielding a dire flail and a giant club (lightly wounded)
Okay, then.
You barely miss the two-headed ogre.
The two-headed ogre is lightly wounded.
The two-headed ogre hits you with a dire flail!
The two-headed ogre hits you with a giant club!!
You die...

#### ...# ##########
...# .........# #
...#.########.# #.
...#.#........#
.##.)...#..#....###
.(...###.....#....
####O...........#....
#.<.@....######.#....
##.###............###'
#.....#########.#.###.
#...........###.....#.
#.###....#...).....##.
#......#.#..####...##.
#..#........# #...###
#..........## ###...
##.######### .##.


You could see a two-headed ogre.

Vanquished Creatures
  An ice beast (D:7)
  A necrophage (D:7)
  3 ogres
  2 centaurs
  A bullfrog (D:6)
  A scorpion (D:6)
  A bullfrog zombie (D:5)
  3 centaur zombies
  2 crimson imps
  3 hounds
  2 centaur skeletons
  A jelly (D:6)
  An orc priest (D:5)
  4 orc wizards
  2 bullfrog skeletons (D:6)
  A gnoll shaman (D:5)
  2 iguanas (D:4)
  4 worker ants
  3 hound zombies (Ossuary)
  4 mummies (Ossuary)
  11 adders
  9 gnolls
  An adder zombie (Ossuary)
  An adder skeleton (D:4)
  A worm (D:4)
  4 leopard geckos
  28 orcs
  2 ball pythons (D:1)
  11 bats
  2 giant cockroaches
  6 goblins
  6 hobgoblins
  12 jackals
  2 frilled lizards (D:3)
  A gnoll zombie (Ossuary)
  2 goblin zombies (Ossuary)
  A hobgoblin zombie (Ossuary)
  A jackal skeleton (D:4)
  A jackal zombie (Ossuary)
  4 kobolds
  A kobold zombie (Ossuary)
  An orc zombie (Ossuary)
  2 quokka skeletons (D:5)
  9 rats
  A rat zombie (Ossuary)
162 creatures vanquished.

Notes
Turn   | Place    | Note
-------+----------+-------------------------------------------
     0 | D:1      | slep the Barachi Gladiator began the quest for the Orb.
     0 | D:1      | Reached XP level 1. HP: 17/17 MP: 1/1
   165 | D:1      | Reached XP level 2. HP: 13/23 MP: 2/2
   334 | D:1      | Reached XP level 3. HP: 5/28 MP: 3/3
   986 | D:2      | Reached skill level 4 in Axes
   986 | D:2      | Reached skill level 1 in Armour
  1136 | D:3      | Found a blossoming altar of Fedhas.
  1145 | D:3      | Reached XP level 4. HP: 17/34 MP: 4/4
  1266 | D:3      | Found a hazy altar of Hepliaklqana.
  1310 | D:3      | Found a glowing silver altar of Zin.
  1310 | D:3      | Found a white marble altar of Elyvilon.
  1310 | D:3      | Found a bloodstained altar of Trog.
  1310 | D:3      | Noticed a centaur
  1326 | D:3      | HP: 1/35 [centaur (3)]
  1327 | D:3      | Killed a centaur
  1327 | D:3      | Reached XP level 5. HP: 1/41 MP: 5/5
  1703 | D:3      | Reached skill level 5 in Axes
  1746 | D:3      | Reached XP level 6. HP: 47/47 MP: 6/6
  2175 | D:4      | Reached skill level 6 in Axes
  2187 | D:4      | Reached XP level 7. HP: 15/53 MP: 7/7
  2326 | D:4      | Reached skill level 5 in Dodging
  2553 | D:4      | Reached skill level 7 in Axes
  2963 | D:5      | Entered Level 5 of the Dungeon
  3051 | D:5      | Reached XP level 8. HP: 54/61 MP: 8/8
  3166 | D:5      | Reached skill level 5 in Fighting
  3277 | D:5      | Reached skill level 8 in Axes
  3367 | D:5      | Noticed Prince Ribbit
  3732 | D:6      | Found Kaecw's Weapon Shoppe.
  3986 | D:7      | Found a sand-covered staircase.
  3993 | Ossuary  | Entered an ossuary
  4220 | D:7      | Found Daucsacs's Magic Scroll Shoppe.
  4243 | D:7      | Found Mequuc's Assorted Antiques.
  4258 | D:7      | Reached skill level 9 in Axes
  4259 | D:7      | HP: 2/64 [shadow imp/nerve-wracking pain (12)]
  4260 | D:7      | Bought a scroll labeled XYOSA JIETZE for 30 gold pieces
  4260 | D:7      | Bought a scroll labeled XYOSA JIETZE for 30 gold pieces
  4260 | D:7      | Bought a bubbling emerald potion for 27 gold pieces
  4260 | D:7      | Bought a scroll labeled VIBBOE CAOGGE for 30 gold pieces
  4260 | D:7      | Bought a scroll labeled KACWYN BYJ for 30 gold pieces
  4420 | D:6      | Reached XP level 9. HP: 37/69 MP: 9/9
  4585 | D:6      | Reached skill level 10 in Axes
  4607 | D:6      | Noticed a two-headed ogre
  4614 | D:6      | Slain by a two-headed ogre

Vault maps used:
D:1:      lemuel_arrival_behind_the_door_small, minmay_small_reverse_x
D:2:      first_bread
D:3:      lemuel_doored_altar, fedhas_altar_2, grunt_temple_overflow_open,
          serial_forest, infiniplex_forest_corner_1, infiniplex_forest_zigzag_1,
          infiniplex_forest_lined_room_, infiniplex_forest_clump_diagonal,
          infiniplex_forest_3_way, infiniplex_forest_join,
          infiniplex_forest_lined_corner, infiniplex_forest_lined_ring,
          infiniplex_forest_lined_corner
D:5:      uniq_prince_ribbit1
D:6:      serial_shops, shop
D:7:      minmay_temple_entry_enclosed_plants, serial_shops, shop,
          nicolae_shop_behind_doors, shop_fountains, shop_scrolls,
          nicolae_shop_waterfront, enter_ossuary_2, st_stairs_6,
          lightli_minifort
Ossuary:  ossuary_minmay_tomb_2a

Skill      XL: |  1  2  3  4  5  6  7  8  9 |
---------------+----------------------------+-----
Axes           | 4 5 6 7 9 10 | 10.1
Armour         | 1 2 3 |  3.7
Fighting       | 3 4 6 |  6.3
Dodging        | 4 5 6 |  6.0
Throwing       | |  2.1
Stealth        | |  0.4

Action                   |  1- 3 |  4- 6 |  7- 9 || total
-------------------------+-------+-------+-------++-------
Melee: War axe           |   112 |   142 |   303 ||   557
Throw: Throwing net      |       |       |     3 ||     3
       Tomahawk          |       |       |     1 ||     1
  Use: Potion            |       |     4 |     5 ||     9
  Eat: Chunk             |     1 |     4 |     5 ||    10
       Fruit             |       |       |     3 ||     3
Armor: Leather armour    |    41 |    68 |    94 ||   203
       Scale mail        |    36 |       |       ||    36
Dodge: Dodged            |   115 |   149 |   232 ||   496

Table legend:
 A = Spawn XP
 B = Non-spawn XP
 C = Spawn XP percentage of total XP
 D = Spawn monster count
 E = Non-spawn monster count
 F = Spawn count percentage of total count
 G = Total turns spent on level
                    A         B        C        D         E        F      G
               +---------+---------+-------+---------+---------+-------+---------
         Total |       0 |    2676 |   0.0 |       0 |     162 |   0.0 |  4614
               +---------+---------+-------+---------+---------+-------+---------
           D:1 |       0 |      44 |   0.0 |       0 |      26 |   0.0 |   589
           D:2 |       0 |      21 |   0.0 |       0 |       6 |   0.0 |   499
           D:3 |       0 |     353 |   0.0 |       0 |      33 |   0.0 |   963
           D:4 |       0 |     664 |   0.0 |       0 |      32 |   0.0 |   912
           D:5 |       0 |     461 |   0.0 |       0 |      31 |   0.0 |   734
           D:6 |       0 |     575 |   0.0 |       0 |      14 |   0.0 |   456
           D:7 |       0 |     410 |   0.0 |       0 |       4 |   0.0 |   275
       Ossuary |       0 |     148 |   0.0 |       0 |      16 |   0.0 |   186
               +---------+---------+-------+---------+---------+-------+---------
